AoeStats
← 且听风语

Arena

510381629Analyzed
4v4 RM · 1d ago on Sep 30, 2026· 54m 49s· 8 players
Game mode
Random Map
Map size
Large (8 player)
Population
200
Speed
Normal
Resources
Standard
Victory
Conquest
Starting age
Dark Age
Ending age
Imperial Age
RankedLock teamsTeams togetherTeam positionsShared explorationLock speedFull tech treeHidden civsTurbo modeCheats
Victory
Defeat
🇩🇪 Japanese · Germany
1313
+11
🇹🇷 Poles · Türkiye
1244
+14
🇹🇷 Persians · Türkiye
1174
+17
🇹🇷 Britons · Türkiye
1147
+18
1229
-16
🇲🇽 Mongols · Mexico
1212
-16
🇮🇳 Varangians · India
1171
-14
🇨🇳 Saxons · China
1170
-14
且听风语
9:38 Feudal Age
13:48 Castle Age
11:56 Double-Bit Axe
17:19 Scale Mail Armor
23:47 Horse Collar
32:20 Imperial Age
30:25 Pikeman
30:51 Gambesons
31:07 Squires
30:52 Arson
33:08 Wheelbarrow
35:00 Bow Saw
34:37 Halberdier
36:31 Conscription
37:30 Shield Wall
38:33 Chain Mail Armor
38:29 Forging
42:04 Iron Casting
42:00 Plate Mail Armor
49:48 Two-Man Saw
suny619
10:05 Feudal Age
14:00 Castle Age
13:38 Horse Collar
13:44 Double-Bit Axe
17:52 Heavy Plow
20:57 Bow Saw
23:21 Wheelbarrow
26:37 Hand Cart
29:23 Imperial Age
27:02 Gold Mining
28:27 Scale Barding Armor
28:32 Forging
29:33 Bloodlines
29:23 Husbandry
29:33 Bloodlines
30:58 Chain Barding Armor
30:48 Forging
30:40 Husbandry
31:17 Caravan
31:53 Conscription
32:06 Stone Mining
31:43 Light Cavalry
31:43 Cavalier
32:52 Loom
32:42 Elite Jarl
35:44 Chemistry
35:04 Ballistics
34:50 Siege Engineers
34:40 Murder Holes
34:56 Masonry
35:17 Town Watch
36:48 Plate Barding Armor
36:49 Iron Casting
38:08 Stone Shaft Mining
37:05 Vendel Legacy
39:10 Crop Rotation
38:42 Town Patrol
38:14 Onager
41:53 Hussar
47:06 Masonry
51:20 Fletching
52:30 Blast Furnace
Reventador
11:31 Feudal Age
12:46 Wheelbarrow
11:58 Loom
12:16 Double-Bit Axe
15:51 Castle Age
14:25 Horse Collar
16:48 Bow Saw
19:37 Fletching
22:07 Bodkin Arrow
22:55 Padded Archer Armor
24:44 Gold Mining
28:13 Hand Cart
28:45 Gold Shaft Mining
31:59 Imperial Age
30:27 Leather Archer Armor
30:47 Thumb Ring
30:49 Scale Mail Armor
30:58 Scale Barding Armor
32:39 Bracer
33:43 Chemistry
32:48 Husbandry
33:18 Conscription
34:56 Forging
35:00 Bloodlines
37:03 Ballistics
37:16 Chain Barding Armor
36:58 Elite Mangudai
38:45 Light Cavalry
40:02 Iron Casting
40:03 Hussar
40:25 Hussar
43:23 Parthian Tactics
44:13 Blast Furnace
西貢蘇tszxxx怒插慈雲山傻尻
11:54 Feudal Age
16:03 Castle Age
14:02 Stone Mining
14:06 Double-Bit Axe
15:02 Loom
15:53 Wheelbarrow
15:17 Fletching
17:48 Bodkin Arrow
30:14 Hand Cart
32:27 Padded Archer Armor
34:04 Murder Holes
38:27 Imperial Age
37:42 Ballistics
38:42 Heavy Scorpion
41:18 Chemistry
41:01 Bracer
41:17 Leather Archer Armor
44:34 Guilds
45:26 Bow Saw
44:58 Horse Collar
46:09 Gold Mining
47:35 Two-Man Saw
46:36 Town Watch
49:23 Gold Shaft Mining
50:36 Pikeman
51:17 Squires
51:03 Arson
51:19 Caravan
51:19 Scale Mail Armor
51:30 Forging
52:27 Conscription
51:31 Halberdier
54:05 Chain Mail Armor
54:26 Iron Casting
Vantokk
11:14 Feudal Age
12:15 Horse Collar
12:22 Double-Bit Axe
14:51 Castle Age
13:40 Scale Barding Armor
15:13 Forging
15:18 Loom
18:01 Wheelbarrow
20:46 Stone Mining
24:59 Bow Saw
28:55 Imperial Age
26:53 Heavy Plow
27:38 Stone Shaft Mining
28:34 Chain Barding Armor
28:57 Iron Casting
28:15 Gold Mining
29:32 Hand Cart
32:38 Coinage
33:26 Blast Furnace
34:20 Hoardings
34:06 Conscription
35:02 Husbandry
35:18 Bloodlines
35:05 Light Cavalry
36:58 Crop Rotation
36:42 Winged Hussar
37:57 Lechitic Legacy
38:10 Banking
47:10 Town Watch
Viper's Mom
11:20 Feudal Age
12:14 Double-Bit Axe
12:46 Horse Collar
15:35 Castle Age
16:44 Bow Saw
16:55 Heavy Plow
18:58 Loom
22:14 Stone Mining
22:32 Gold Mining
24:01 Wheelbarrow
25:09 Gold Shaft Mining
26:26 Hand Cart
29:50 Imperial Age
27:35 Pikeman
28:17 Squires
28:11 Fletching
28:21 Padded Archer Armor
28:43 Ballistics
28:38 Scale Mail Armor
29:19 Bodkin Arrow
29:40 Town Watch
30:12 Leather Archer Armor
30:08 Forging
29:23 Man-at-Arms
31:35 Chemistry
31:01 Conscription
31:21 Yeomen
31:25 Chain Mail Armor
30:33 Long Swordsman
31:03 Gambesons
32:54 Two-Man Saw
32:26 Ring Archer Armor
31:30 Two-Handed Swordsman
34:04 Bracer
34:34 Plate Mail Armor
34:40 Iron Casting
34:43 Champion
36:22 Halberdier
37:10 Scale Barding Armor
36:30 Elite Longbowman
38:48 Blast Furnace
39:26 Warwolf
39:34 Murder Holes
39:57 Elite Skirmisher
ichbinmümin
10:45 Feudal Age
11:32 Double-Bit Axe
14:49 Castle Age
13:22 Horse Collar
15:45 Bow Saw
17:21 Wheelbarrow
17:29 Heavy Plow
19:13 Padded Archer Armor
19:46 Loom
20:01 Elite Skirmisher
24:36 Fletching
26:09 Leather Archer Armor
26:59 Bodkin Arrow
30:08 Gold Mining
31:13 Hand Cart
31:02 Scale Mail Armor
35:54 Imperial Age
34:23 Gold Shaft Mining
34:05 Chain Mail Armor
34:31 Thumb Ring
34:58 Forging
36:28 Iron Casting
36:15 Ballistics
36:39 Bracer
37:11 Ring Archer Armor
38:02 Chemistry
38:33 Capped Ram
41:00 Plate Mail Armor
42:04 Blast Furnace
43:16 Town Watch
49:24 Two-Man Saw
47:53 Pikeman
48:45 Stone Mining
50:21 Halberdier
53:12 Squires
53:14 Arson
54:31 Coinage
54:45 Conscription
Ospan Batyr
10:44 Feudal Age
14:35 Castle Age
13:04 Double-Bit Axe
13:07 Horse Collar
21:38 Wheelbarrow
24:55 Hand Cart
24:43 Heavy Plow
25:14 Gold Mining
25:34 Scale Barding Armor
25:52 Bloodlines
25:43 Husbandry
26:15 Loom
29:16 Stone Mining
31:33 Forging
32:13 Bow Saw
36:05 Imperial Age
35:47 Chain Barding Armor
36:03 Iron Casting
35:36 Kamandaran
35:09 Crossbowman
35:54 Thumb Ring
35:53 Padded Archer Armor
35:44 Fletching
35:50 Elite Skirmisher
36:04 Cavalier
37:52 Gold Shaft Mining
38:43 Two-Man Saw
37:57 Savar
39:16 Crop Rotation
39:51 Stone Shaft Mining
40:56 Plate Barding Armor
41:22 Blast Furnace
40:55 Conscription
41:20 Bodkin Arrow
51:43 Light Cavalry
53:38 Hussar
Connection lost

Rejoining the realm…

Still unreachable

The connection could not be restored.

Session expired

The server has moved on; the page needs a fresh start.